 Dungeon Crawl Stone Soup version 0.18-a0-337-g1235303 (webtiles) character file.

88 Raultor the Changer (level 4, -1/35 HPs)
             Began as a Draconian Transmuter on Nov 28, 2015.
             Killed from afar by Natasha (6 damage)
             ... with a magic dart
             ... on level 2 of the Dungeon.
             The game lasted 00:05:07 (2134 turns).

Raultor the Changer (Draconian Transmuter)          Turns: 2134, Time: 00:05:07

Health: -1/35      AC:  6    Str: 12    XL:     4   Next: 29%
Magic:  7/7        EV: 12    Int: 14    God:
Gold:   79         SH:  0    Dex: 12    Spells: 1 memorised, 6 levels left

rFire  . . .     SeeInvis .       - Unarmed
rCold  . . .     Clarity  .     (armour unavailable)
rNeg   . . .     SustAt   .     (no shield)
rPois  .         Gourm    .     (helmet restricted)
rElec  .         Spirit   .     e - +0 cloak
rCorr  .         Warding  .     (no gloves)
rMut   .         Stasis   .     (no boots)
MR     .....                    (no amulet)
Stlth  +.........               (no ring)
                                (no ring)

@: very slightly contaminated, not resistant to hostile enchantments, very
unstealthy
A: unfitting armour, cold-blooded, AC +5
a: no special abilities


You were on level 2 of the Dungeon.
You were not hungry.

You visited 1 branch of the dungeon, and saw 2 of its levels.

You collected 79 gold pieces.

Inventory:

Missiles
 a - 12 arrows
Armour
 e - a +0 cloak (worn)
Scrolls
 f - 2 scrolls of immolation {unknown}
 h - a scroll of amnesia {unknown}
Potions
 g - 3 potions of agility {unknown}
 j - 2 potions of brilliance {unknown}
 m - a potion of resistance {unknown}
 n - 2 potions of lignification {unknown}
Books
 b - a book of Changes

   Spells                             Type                      Level
   a - Beastly Appendage              Transmutation                1
   b - Sticks to Snakes               Transmutation                2
   c - Spider Form                    Transmutation/Poison         3
   d - Ice Form                       Ice/Transmutation            4
   e - Blade Hands                    Transmutation                5
Comestibles
 c - a bread ration
 d - 3 fruits
 i - 2 slices of pizza
 k - a meat ration
 l - 5 chunks of flesh
 o - a beef jerky


   Skills:
 - Level 1.1 Fighting
 - Level 1.7 Dodging
 + Level 3.6 Unarmed Combat
 - Level 2.0 Spellcasting
 * Level 4.0 Transmutations


You had 6 spell levels left.
You knew the following spells:

 Your Spells              Type           Power        Failure   Level  Hunger
a - Beastly Appendage     Trmt           ##....       4%          1    ##.....


Dungeon Overview and Level Annotations

Branches:
Dungeon (2/15)

Altars:
Dithmenos

Annotations:
D:2 Natasha


Innate Abilities, Weirdness & Mutations

Your plain brown scales are hard (AC +5).
Your body does not fit into most forms of armour.
You are cold-blooded and may be slowed by cold attacks.


Message History

The magic dart hits you!
You closely miss Natasha.
Natasha is almost dead.
Natasha misses you.
You closely miss Natasha.
Natasha is almost dead.
Natasha claws you.
* * * LOW HITPOINT WARNING * * *
You hit Natasha but do no damage.
Your tail-slap misses Natasha.
Natasha is almost dead.
Natasha claws you.
* * * LOW HITPOINT WARNING * * *
You barely miss Natasha.
Natasha is almost dead.
Natasha barely misses you.
You closely miss Natasha.
Your tail-slap misses Natasha.
Natasha is almost dead.
Natasha stares at you and mumbles some strange words.
The magic dart hits you!
You die...

#...........#
###
#...รท........#
#............#
###............#
#.........######
#....#....#
#....#....#
##....######
#..@..# #...h..#
#......#
###....# #....#
#....# ######


You could see Natasha.

Vanquished Creatures
  Jessica (D:2)
  An ooze (D:2)
  2 worms (D:2)
  3 giant geckos
  3 giant cockroaches (D:1)
  8 goblins
  2 hobgoblins
  11 jackals (D:1)
  5 kobolds
  3 bats (D:1)
  A giant newt (D:1)
  5 rats
45 creatures vanquished.

Notes
Turn   | Place    | Note
--------------------------------------------------------------
     0 | D:1      | Raultor the Draconian Transmuter began the quest for the Orb.
     0 | D:1      | Reached XP level 1. HP: 16/16 MP: 3/3
   400 | D:1      | Reached XP level 2. HP: 14/23 MP: 5/5
  1145 | D:1      | Reached XP level 3. HP: 20/28 MP: 6/6
  1778 | D:2      | Noticed Jessica
  1791 | D:2      | Killed Jessica
  1791 | D:2      | Reached XP level 4. HP: 33/35 MP: 7/7
  2021 | D:2      | Found a shadowy altar of Dithmenos.
  2040 | D:2      | Reached skill level 4 in Transmutations
  2112 | D:2      | Noticed Natasha
  2134 | D:2      | Killed from afar by Natasha

Vault maps used:
D:1:      dpeg_arrival_solitude, hex_tiny
D:2:      nicolae_dithmenos_through_a_glass_darkly, uniq_jessica, uniq_natasha

Action                   |  1- 3 |  4- 6 || total
-------------------------+-------+-------++-------
Melee: Unarmed           |   203 |    43 ||   246
 Cast: Beastly Appendage |     9 |     1 ||    10
 Stab: Sleeping          |     1 |       ||     1
  Eat: Chunk             |     3 |     1 ||     4
